 Dungeon Crawl Stone Soup version 0.31-a0-1098-g6898e6545c (webtiles) character file.

Game seed: 3750024528900300028

44 Malachi the Ruffian (level 3, -2/23 HPs)
             Began as an Octopode Shapeshifter on Nov 30, 2023.
             Was an Initiate of Yredelemnul.
             Slain by a gnoll
             ... wielding a +0 whip
              (7 damage)
             ... on level 2 of the Dungeon.
             The game lasted 00:01:02 (1123 turns).

Malachi the Ruffian (Octopode Shapeshifter)         Turns: 1123, Time: 00:01:03

Health: -2/23      AC:  1    Str: 13    XL:     3   Next: 62%
Magic:  3/3        EV: 13    Int: 14    God:    Yredelemnul [......]
Gold:   76         SH:  0    Dex: 11    Spells: 2/2 levels left

rFire   . .          .
                       - Unarmed
rCold   . . .        (no shield)
rNeg    . . .        (helmet currently unavailable)
rPois   .            (no amulet)
rElec   .            (no ring)
rCorr   .            (no ring)
SInv    .            (no ring)
Will    .....        (no ring)
Stlth   ++           (no ring)
HPRegen 0.23/turn    (no ring)
MPRegen 0.08/turn    (no ring)
                     (no ring)

%: no passive effects
@: beast-form
A: beast (slay +1), almost no armour, amphibious, 8 rings, camouflage 1,
gelatinous body 1, (nimble swimmer 1), tentacles
a: Begin Untransformation, Renounce Religion, Recall Undead Harvest


You were on level 2 of the Dungeon.
You worshipped Yredelemnul.
Yredelemnul was noncommittal.
You were a hulking beast.
You visited 1 branch of the dungeon, and saw 2 of its levels.

You collected 76 gold pieces.

Inventory:

Talismans
 b - a beast talisman
 c - a flux talisman
Wands
 i - a wand of light (5)
Scrolls
 d - a scroll of poison {unknown}
 e - a scroll of identify {unknown}
Potions
 a - a potion of lignification
 f - a potion of curing {unknown}
 g - 2 potions of heal wounds {unknown}
 h - 2 potions of haste {unknown}


   Skills:
 - Level 1.0 Fighting
 - Level 2.0 Dodging
 + Level 4.5 Unarmed Combat
 - Level 3.0 Shapeshifting


You had 2 spell levels left.
You didn't know any spells.
Your spell library contained the following spells:

 Spells                   Type           Power      Damage    Failure   Level
 Lesser Beckoning         Tloc           0%         N/A       41%         2
 Gell's Gravitas          Tloc           0%         N/A       65%         3
 Teleport Other           Tloc           0%         N/A       65%         3


Dungeon Overview and Level Annotations

Branches:
Dungeon (2/15)

Altars:
Yredelemnul


Innate Abilities, Weirdness & Mutations

You are a hulking beast.
Your limbs bulge with bestial killing power. (Slay +1)
You cannot wear most types of armour.
You are amphibious.
You can wear up to eight rings at the same time.
Your skin changes colour to match your surroundings (Stealth+).
Your rubbery body absorbs attacks. (AC +1, EV +1)
((You are camouflaged when in or above water. (Stealth+)))
You have tentacles for arms and can constrict up to eight enemies at once.


Message History

The gnoll is lightly wounded.
Your adder zombie bites the gnoll.
The gnoll closely misses your adder zombie.
Your ball python zombie bites the gnoll but does no damage.
Your ball python zombie grabs the gnoll.
Your ball python zombie constricts the gnoll.
Your adder zombie bites the gnoll.
The gnoll hits your adder zombie with a +0 flail!
The gnoll attacks as it pursues you! The gnoll misses you.
Your ball python zombie bites the gnoll but does no damage.
Your ball python zombie constricts the gnoll.
Your adder zombie bites the gnoll but does no damage.
The gnoll hits your adder zombie with a +0 flail.
The gnoll attacks as it pursues you! The gnoll barely misses you.
Your ball python zombie bites the gnoll but does no damage.
Your ball python zombie constricts the gnoll.
Your kobold zombie hits the gnoll but does no damage.
Your adder zombie bites the gnoll.
There is an open door here.
The gnoll attacks as it pursues you! The gnoll hits you with a +0 whip.
Your kobold zombie closely misses the gnoll.
You completely miss the gnoll. Your grab misses the gnoll.
You squeeze the gnoll.
The gnoll is heavily wounded.
The gnoll hits you with a +0 whip!
* * * LOW HITPOINT WARNING * * *
Your adder zombie bites the gnoll but does no damage.
Your kobold zombie barely misses the gnoll.
You barely miss the gnoll. Your grab misses the gnoll.
The gnoll is heavily wounded.
The gnoll hits your kobold zombie with a +0 club.
The gnoll closely misses you.
Your adder zombie bites the gnoll.
You tentacle-slap the gnoll. You grab the gnoll.
The gnoll is severely wounded.
You constrict the gnoll.
The gnoll closely misses your adder zombie.
The gnoll hits your kobold zombie with a +0 club.
The gnoll hits you with a +0 whip!
You die...
Your body rises from the dead as a mindless zombie.

#.#..# #.#..#
#.#..# . #Z#..# .
#.# .###### #.#
##.....# #Z#
......#
#.#########.....#
#........hgZ....#
###########g....#
+.Z...+ #..g..#
#g....# #.....#
#..g..# #.......
#........


You could see 3 gnolls, a friendly adder zombie and a friendly kobold zombie.

Vanquished Creatures
  An adder (D:2)
  A dart slug (D:1)
  2 bats (D:1)
  4 endoplasms (D:1)
  A giant cockroach (D:1)
  3 goblins (D:1)
  4 hobgoblins
  2 jackals (D:1)
  A quokka (D:1)
  5 ball pythons
  2 kobolds
  A rat (D:1)
27 creatures vanquished.

Vanquished Creatures (collateral kills)
  An endoplasm (D:1)
  A ball python (D:2)
2 creatures vanquished.

Vanquished Creatures (others)
  A ball python zombie (D:2)
1 creature vanquished.

Grand Total: 30 creatures vanquished

Notes
Turn   | Place    | Note
-------+----------+-------------------------------------------
     0 | D:1      | Malachi the Octopode Shapeshifter began the quest for the
                  | Orb.
     0 | D:1      | Reached XP level 1. HP: 13/13 MP: 1/1
    93 | D:1      | Reached XP level 2. HP: 14/18 MP: 2/2
   209 | D:1      | Reached skill level 4 in Unarmed Combat
   257 | D:1      | Found a faded altar of an unknown god.
   261 | D:1      | Reached XP level 3. HP: 23/23 MP: 3/3
   265 | D:1      | Prayed at the altar of an unknown god.
   265 | D:1      | Became a worshipper of Yredelemnul the Dark
   265 | D:1      | Reached * piety under Yredelemnul
  1123 | D:2      | Slain by a gnoll

Illustrated notes

Levels and vault maps discovered:
D:1:      dpeg_arrival_castle, layout_basic, basic_ecumenical_altar
D:2:      layout_basic

Skill      XL: |  1  2 |
---------------+-------+-----
Unarmed Combat | 4 |  4.5
Fighting       | |  1.0
Dodging        | |  2.0
Shapeshifting  | |  3.0

Action                     || total
---------------------------++-------
  Melee: Unarmed           ||    58
         Constrict         ||    13
         Tentacles         ||     6
         Punch             ||     3
   Stab: Sleeping          ||     5
 Armour: Skin              ||    20
  Dodge: Dodged            ||    39

Table legend: (Time is in decaauts)
 A = Elapsed time spent in this place.
 B = Non-inter-level travel time spent in this place.
 C = Inter-level travel time spent in this place.
 D = Time resting spent in this place.
 E = Time spent auto-exploring this place.
 F = Levels seen in this place.
 G = Mean time per level.
                   A        B        C        D        E       F      G
               +--------+--------+--------+--------+--------+-----+--------+
         Total |   1117 |   1054 |     63 |      0 |    879 |   2 |  558.5 |
       Dungeon |   1117 |   1054 |     63 |      0 |    879 |   2 |  558.5 |
               +--------+--------+--------+--------+--------+-----+--------+

Top non-repeatable levels by time:
     D:1: 772 daAuts
     D:2: 345 daAuts
